 Dungeon Crawl Stone Soup version 0.26.0-3-g156281e41b (webtiles) character file.

Game seed: 12957149034832164776

8245 teolandon225 the Basher (level 11, -20/91 (97) HPs)
             Began as a Minotaur Berserker on Jan 10, 2021.
             Was a High Priest of Trog.
             Killed from afar by a shadow dragon (glowing shapeshifter) (40 damage)
             ... with a bolt of negative energy
             ... on level 11 of the Dungeon.
             The game lasted 00:24:54 (11409 turns).

teolandon225 the Basher (Minotaur Berserker)       Turns: 11409, Time: 00:24:54

HP:   -20/91 (97)   AC: 14    Str: 24    XL:     11   Next: 7%
MP:   10/10         EV: 15    Int:  4    God:    Trog [*****.]
Gold: 716           SH:  0    Dex: 11    Spells: 10/10 levels left

rFire    + . .     SeeInvis .   q - +1 dire flail (vorpal)
rCold    x . .     Faith    .   (shield currently unavailable)
rNeg     . . .     Spirit   .   r - +4 ring mail {rPois}
rPois    +         Reflect  .   t - +1 hat
rElec    .         Harm     .   d - scarf {shadows}
rCorr    +         Rampage  .   g - +0 pair of gloves
Will     ++...                  n - +0 pair of boots
Stlth    +.........             (no amulet)
HPRegen  1.25/turn              G - ring of resist corrosion
MPRegen  0.12/turn              z - ring of fire

@: about to teleport, berserk cooldown, regenerating, slowed, drained, very slow
A: retaliatory headbutt, horns 2
a: Renounce Religion, Berserk, Trog's Hand, Brothers in Arms


You were on level 11 of the Dungeon.
You worshipped Trog.
Trog was extremely pleased with you.
You visited 1 branch of the dungeon, and saw 11 of its levels.
You also visited: Sewer and Ossuary.

You collected 716 gold pieces.

Inventory:

Hand Weapons
 a - a +0 hand axe
 q - a +1 vorpal dire flail (weapon)
 w - the +5 mace of Faisenk {drain, +Fly rF++ SInv Stlth-, unknown}
   (You found it on level 4 of the Dungeon)

   A truly terrible weapon, it drains the life of those it strikes.
   It greatly protects you from fire.
   It lets you see invisible.
   It lets you fly.
   It makes you less stealthy.
 x - the +4 mace "Xainleif" {drain, rElec rF- rN+, unknown}
   (You found it on level 4 of the Dungeon)

   A truly terrible weapon, it drains the life of those it strikes.
   It makes you vulnerable to fire.
   It insulates you from electricity.
   It protects you from negative energy.
 O - a +3 battleaxe
Armour
 b - a +0 animal skin
 c - a +0 ring mail
 d - a scarf of shadows (worn)
 g - a +0 pair of gloves (worn)
 n - a +0 pair of boots (worn)
 r - a +4 ring mail of poison resistance (worn)
 t - a +1 hat (worn)
 y - a +0 cloak
 L - a +0 plate armour
Jewellery
 z - a ring of fire (right hand)
 G - a ring of resist corrosion (left hand)
 J - an uncursed ring of flight
 P - an uncursed ring of see invisible {unknown}
 Q - a +4 ring of protection {unknown}
Wands
 f - a wand of polymorph (8)
 o - a wand of iceblast (7)
 u - a wand of disintegration (23)
 H - a wand of flame (61)
 N - a wand of enslavement (6)
 R - a wand of acid (10)
Scrolls
 j - 10 scrolls of remove curse
 v - 3 scrolls of teleportation
 A - 3 scrolls of fear
 B - a scroll of enchant armour
 C - 3 scrolls of fog
 I - 2 scrolls of blinking
 M - 3 scrolls of identify
Potions
 e - 4 potions of heal wounds
 h - 3 potions of brilliance
 i - 3 potions of degeneration {unknown}
 k - 2 potions of magic {unknown}
 l - 6 potions of flight
 m - 8 potions of curing
 p - a potion of ambrosia {unknown}
 s - 2 potions of invisibility {unknown}
 D - 4 potions of cancellation
 E - 2 potions of haste {unknown}
 F - 3 potions of attraction {unknown}
 K - a potion of lignification {unknown}


   Skills:
 + Level 9.3 Fighting
 + Level 10.3(12.0) Axes
 * Level 10.3(12.0) Maces & Flails
 + Level 9.1 Armour
 + Level 8.1 Dodging


You had 10 spell levels left.
You didn't know any spells.
Your spell library was empty.

Dungeon Overview and Level Annotations

Branches:
Dungeon (11/15)            Temple (0/1) D:5            Lair (0/6) D:10
    Orc (0/2) D:9           Sewer (visited)         Ossuary (visited)

Altars:
Cheibriados
Dithmenos
Elyvilon
Hepliaklqana
Nemelex Xobeh
Okawaru
Trog
Uskayaw
Wu Jian
Xom
Yredelemnul

Shops:
D:5 (

Annotations:
D:2 exclusion: downstairs
D:4 exclusion: downstairs
D:6 exclusion: downstairs
D:7 exclusion: downstairs


Innate Abilities, Weirdness & Mutations

You reflexively headbutt those who attack you in melee.
You have a pair of horns on your head.


Message History

You feel yourself slow down.
Your ogre misses the shadow dragon.
Things that are here:
a cursed -2 giant club; a +0 giant spiked club You hit the shadow dragon but do no damage.
The shadow dragon is lightly wounded.
Your ogre barely misses the shadow dragon.
The shadow dragon bites you.
* * * LOW HITPOINT WARNING * * *
The shadow dragon claws you but does no damage.
The shadow dragon barely misses you.
As you read the scroll of teleportation, it crumbles to dust.
You feel strangely unstable.
Your ogre hits the shadow dragon with a +0 giant club!!
The shadow dragon closely misses you. You furiously retaliate!
You headbutt the shadow dragon, but do no damage.
The shadow dragon closely misses you. The shadow dragon barely misses you.
Your ogre hits the shadow dragon with a +0 giant club!!!
The shadow dragon breathes negative energy at you.
The bolt of negative energy hits you!!!
You feel drained.
You die...

'...# ........'....# #...#
........#....# #...#
#######.###### #...#
#..#♣♣.♣♣ #...# #..#♣.≈.♣#
##'######. ##.#.≈≈≈.#
.......... #..#.≈≈≈.#
.......... #..#.≈≈≈.#
#...###### ####.@#.≈≈≈.#
........ #..'OD#♣†≈≈♣#♣
........ #..#....≈≈≈....
################.#♣≈≈≈♣#♣♣
#................#=≈≈≈.#
#................#.≈≈≈.#
#................#.≈≈≈.#
#................#.≈≈≈.#
#...#####.######.# .≈.♣#


You could see a shadow dragon shaped shifter (catching breath) and a friendly
ogre (summoned, berserk).

Vanquished Creatures
  A two-headed ogre (D:11)
  An unseen horror (D:8)
  An ugly thing (D:11)
  An elephant (D:10)
  A troll (D:10)
  A hornet (D:9)
  Grinder (D:3)
  2 wyverns (D:10)
  A basilisk (D:10)
  Menkaure (D:7)
  Edmund (D:4)
  2 sky beasts
  2 orc warriors
  A phantom (D:5)
  6 black bears
  3 ogres (D:7)
  An eye of draining (D:9)
  3 centaurs
  5 big kobolds
  12 bullfrogs
  3 water moccasin zombies (Ossuary)
  A water moccasin skeleton (D:8)
  A scorpion (D:6)
  5 wights (D:9)
  2 electric eels (D:11)
  8 howler monkeys
  A bullfrog zombie (D:10)
  A centaur zombie (D:7)
  4 hounds
  2 jellies (D:8)
  A bullfrog skeleton (D:7)
  2 centaur skeletons
  4 orc priests
  Crazy Yiuf (D:4)
  7 orc wizards
  2 iguanas
  Natasha (twice) (D:2)
  9 worker ants
  A killer bee zombie (D:9)
  2 big kobold zombies (Ossuary)
  2 mummies (Ossuary)
  A hound skeleton (D:5)
  8 gnolls
  8 adders
  A river rat (Sewer)
  2 shadow imps (D:9)
  7 white imps
  3 ufetubi
  2 oozes (D:3)
  6 adder zombies (Ossuary)
  An adder skeleton (D:6)
  3 worms
  7 leopard geckos
  37 orcs
  5 giant cockroaches
  2 gnoll zombies (Ossuary)
  5 hobgoblins
  12 jackals
  25 kobolds
  8 quokkas
  2 ball pythons
  10 bats
  5 frilled lizards
  5 goblins
  6 hobgoblin zombies (Ossuary)
  4 kobold zombies (Ossuary)
  3 orc zombies (Ossuary)
  3 quokka skeletons
  10 rats
299 creatures vanquished.

Vanquished Creatures (others)
  An orc zombie (Ossuary)
  4 plants (D:11)
5 creatures vanquished.

Grand Total: 304 creatures vanquished

Notes
Turn   | Place    | Note
-------+----------+-------------------------------------------
     0 | D:1      | teolandon225 the Minotaur Berserker began the quest for the
                  | Orb.
     0 | D:1      | Reached XP level 1. HP: 19/19 MP: 0/0
   382 | D:1      | Reached XP level 2. HP: 27/27 MP: 1/1
   524 | D:2      | Noticed Natasha
   529 | D:2      | Killed Natasha
   530 | D:2      | Reached XP level 3. HP: 33/33 MP: 2/2
   926 | D:2      | Reached ** piety under Trog
  1042 | D:2      | Noticed Natasha
  1053 | D:2      | Killed Natasha
  1054 | D:2      | Reached XP level 4. HP: 35/40 MP: 3/3
  1074 | D:2      | Reached skill level 5 in Axes
  1450 | D:3      | Reached XP level 5. HP: 39/47 MP: 4/4
  1662 | D:3      | Reached XP level 6. HP: 55/55 MP: 5/5
  1849 | D:3      | Noticed Grinder
  2097 | D:3      | Paralysed by Grinder for 4 turns
  2117 | D:3      | Killed Grinder
  2118 | D:3      | Reached skill level 5 in Fighting
  2292 | D:3      | Reached XP level 7. HP: 57/61 MP: 6/6
  2367 | D:3      | Reached *** piety under Trog
  2474 | D:3      | Found a sparkling altar of Nemelex Xobeh.
  2635 | D:4      | Found a bloodstained altar of Trog.
  2836 | D:4      | Noticed Edmund
  2844 | D:4      | Killed Edmund
  2845 | D:4      | Reached skill level 5 in Armour
  3015 | D:4      | Found a basalt altar of Yredelemnul.
  3154 | D:4      | Found a glowing drain.
  3170 | Sewer    | Entered a sewer
  3255 | Sewer    | Reached skill level 1 in Maces & Flails
  3339 | Sewer    | Found a white marble altar of Elyvilon.
  3704 | D:4      | Got a translucent mace
  3705 | D:4      | Found a runed translucent door.
  3706 | D:4      | Noticed Crazy Yiuf
  3713 | D:4      | Killed Crazy Yiuf
  3716 | D:4      | Got a jewelled mace
  3764 | D:5      | Entered Level 5 of the Dungeon
  3899 | D:5      | Found a staircase to the Ecumenical Temple.
  4034 | D:5      | Reached XP level 8. HP: 70/70 MP: 7/7
  4102 | D:5      | Reached skill level 5 in Dodging
  4113 | D:5      | Found Mayt's Weapon Emporium.
  4452 | D:5      | Reached **** piety under Trog
  4973 | D:6      | Found a sand-covered staircase.
  4988 | Ossuary  | Entered an ossuary
  5158 | Ossuary  | Reached ***** piety under Trog
  5293 | D:6      | Found a shadowy altar of Dithmenos.
  5432 | D:6      | Reached skill level 5 in Maces & Flails
  5536 | D:7      | Reached XP level 9. HP: 70/79 MP: 8/8
  5679 | D:7      | Noticed Menkaure
  5689 | D:7      | Killed Menkaure
  6263 | D:7      | Found an iron altar of Okawaru.
  7033 | D:8      | Found a shimmering altar of Xom.
  7176 | D:8      | Killed an unseen horror
  7447 | D:8      | Reached XP level 10. HP: 64/88 MP: 9/9
  7723 | D:8      | Found a shimmering altar of Xom.
  7869 | D:8      | Found a hazy altar of Hepliaklqana.
  8274 | D:9      | Found a hide-covered altar of Uskayaw.
  8362 | D:9      | Found a staircase to the Orcish Mines.
  8760 | D:9      | Found an ornate altar of the Wu Jian Council.
  8760 | D:9      | Found a snail-covered altar of Cheibriados.
  8785 | D:9      | Found a white marble altar of Elyvilon.
  9316 | D:10     | Entered Level 10 of the Dungeon
  9579 | D:10     | Noticed an elephant
  9601 | D:10     | Killed an elephant
  9614 | D:10     | Reached skill level 10 in Axes
  9616 | D:10     | Found a staircase to the Lair.
  9832 | D:10     | Reached ****** piety under Trog
 10597 | D:11     | Noticed a brown ugly thing
 10610 | D:11     | Killed a brown ugly thing
 10611 | D:11     | Reached skill level 10 in Maces & Flails
 10764 | D:11     | Noticed a two-headed ogre
 10778 | D:11     | Killed a two-headed ogre
 10779 | D:11     | Reached XP level 11. HP: 59/97 MP: 10/10
 11055 | D:11     | Received a gift from Trog
 11392 | D:11     | Noticed a shard shrike
 11395 | D:11     | Noticed a juggernaut
 11395 | D:11     | a shard shrike changed into a juggernaut
 11402 | D:11     | Noticed a titan
 11402 | D:11     | a juggernaut changed into a titan
 11404 | D:11     | Noticed an alligator snapping turtle
 11404 | D:11     | a titan changed into an alligator snapping turtle
 11406 | D:11     | Noticed a shadow dragon
 11406 | D:11     | an alligator snapping turtle changed into a shadow dragon
 11409 | D:11     | Killed from afar by a shadow dragon (glowing shapeshifter)

Illustrated notes

Levels and vault maps discovered:
D:1:      dpeg_arrival_three_bigger_balls, layout_rooms
D:2:      layout_loops_cross, uniq_natasha
D:3:      cheibrodos_thug_alley, layout_basic, nemelex_altar_shiori,
          grunt_ministairs_11, uniq_grinder
D:4:      layout_loops_cross, lemuel_coloured_pillars_altar,
          overflow_temple_1_default, portal_sewer_entry_f,
          uniq_crazy_yiuf_cottage, uniq_edmund
D:5:      layout_gridville, minmay_temple_entry_proselytizer, serial_shops,
          kennysheep_little_box
D:6:      layout_basic, nicolae_dithmenos_the_darkroom,
          nicolae_ossuary_entry_monument
D:7:      black_bear_nest_2, layout_rooms, nicolae_overflow_hidden_temple,
          uniq_menkaure
D:8:      layout_basic, nzn_hepliaklqana_mist_gate, basic_altar,
          roderic_batcave, xom_teletrap_fun
D:9:      layout_stronghold, eat_drink_and_be_merry_uskayaw,
          chequers_temple_overflow_statue_of_worship, orc_0_dummy, basic_altar
D:10:     layout_irregular_city, david_lair_generic
D:11:     nzn_winding_woodlands_cross
          [nzn_winding_woodlands_5x15_river_crossing,
          nzn_winding_woodlands_5x15_jagged, nzn_winding_woodlands_5x15_eye,
          nzn_winding_woodlands_5x15_sawtooth,
          nzn_winding_woodlands_15x15_eel_pit], layout_grid_maze, uniq_gastronok

Skill      XL: |  1  2  3  4  5  6  7  8  9 10 |
---------------+-------------------------------+-----
Fighting       | 4 5 6 7 8 9 |  9.3
Axes           | 4 5 6 7 8 9 10 | 10.3
Armour         | 3 4 5 6 7 9 |  9.1
Dodging        | 3 4 5 6 8 |  8.1
Maces & Flails | 2 5 8 10 | 10.3

Action                   |  1- 3 |  4- 6 |  7- 9 | 10-12 || total
-------------------------+-------+-------+-------+-------++-------
Melee: Hand axe          |    51 |    95 |    38 |       ||   184
       Headbutt          |     6 |    10 |    49 |    44 ||   109
       Dire flail        |       |       |   314 |   240 ||   554
Invok: Berserk           |     1 |     4 |     6 |     6 ||    17
       Trog's Hand       |       |       |     2 |     1 ||     3
       Brothers in Arms  |       |       |       |     1 ||     1
  Use: Scroll            |       |     4 |    12 |     5 ||    21
       Potion            |       |       |     1 |       ||     1
Armor: Ring mail         |    23 |    25 |   138 |    75 ||   261
Dodge: Dodged            |    32 |    48 |   248 |   159 ||   487
